 Dungeon Crawl Stone Soup version 0.17-a0-1572-g7a1422d (webtiles) character file.

437 Grimpse the Ruffian (level 6, 0/59 HPs)
             Began as a Troll Berserker on July 24, 2015.
             Was a Priest of Trog.
             Killed by nerve-wracking pain
             ... invoked by an orc priest
              (7 damage)
             ... on level 4 of the Dungeon.
             The game lasted 00:09:49 (2378 turns).

Grimpse the Ruffian (Troll Berserker)               Turns: 2378, Time: 00:09:49

Health: 0/59       AC:  6    Str: 26    XL:     6   Next: 69%
Magic:  5/5        EV: 11    Int:  3    God:    Trog [***...]
Gold:   121        SH:  0    Dex: 11    Spells: 0 memorised, 5 levels left

rFire  . . .     SeeInvis .       - Unarmed
rCold  . . .     Clarity  .     a - +0 animal skin
rNeg   . . .     SustAt   .     (no shield)
rPois  .         Gourm    +     (helmet restricted)
rElec  .         Spirit   .     e - +0 cloak
rCorr  .         Warding  .     (gloves unavailable)
rMut   .         Stasis   .     (boots unavailable)
MR     .....                    (no amulet)
Stlth  +.........               (no ring)
                                (no ring)

@: lethally poisoned (0 -> -5), not resistant to hostile enchantments, very
unstealthy
A: unfitting armour, claws 3, fast metabolism 3, gourmand, regeneration 2,
shaggy fur 1, tough skin 2
a: Burn Spellbooks, Berserk, Trog's Hand, Renounce Religion


You were on level 4 of the Dungeon.
You worshipped Trog.
Trog was most pleased with you.
You were not hungry.

You visited 1 branch of the dungeon, and saw 4 of its levels.

You collected 121 gold pieces.

Inventory:

Armour
 a - a +0 animal skin (worn)
 e - a +0 cloak (worn)
Jewellery
 c - an uncursed ring of flight {unknown}
 f - a +4 ring of strength {unknown}
 t - an uncursed ring of see invisible {unknown}
Scrolls
 h - 3 scrolls of teleportation {unknown}
 i - 2 scrolls of amnesia {unknown}
 k - a scroll of random uselessness {unknown}
 l - a scroll of fog {unknown}
 m - a scroll of recharging {unknown}
 p - a scroll of noise {unknown}
 q - a scroll of enchant armour {unknown}
 u - a scroll of identify {unknown}
 v - a scroll of remove curse {unknown}
Potions
 d - a potion of heal wounds {unknown}
 g - a potion of magic {unknown}
 j - a potion of resistance {unknown}
 n - a potion of mutation {unknown}
 o - 3 potions of curing
 w - a potion of lignification {unknown}
 x - a potion of might {unknown}
Comestibles
 b - 3 bread rations
 r - 5 chunks of flesh
 s - a meat ration


   Skills:
 - Level 2.5 Fighting
 + Level 5.0 Dodging
 + Level 0.5 Stealth
 * Level 5.3 Unarmed Combat


You had 5 spell levels left.
You didn't know any spells.

Dungeon Overview and Level Annotations

Branches:
Dungeon (4/15)
 Temple: D:4-7

Altars:
Xom

Shops:
D:4 [


Innate Abilities, Weirdness & Mutations

You are too large for most types of armour.
You have claws for hands.
Your metabolism is lightning-fast.
You like to eat raw meat.
You heal very quickly.
You are covered in fur (AC +1).
You have very tough skin (AC +2).


Message History

The orc hits you but does no damage.
You closely miss the orc.
You feel sick. The orc priest hits you.
* * * LOW HITPOINT WARNING * * *
The orc hits you with a dagger.
* * * LOW HITPOINT WARNING * * *
You claw the orc!
You kill the orc!
Trog accepts your kill.
You feel sick. The orc priest barely misses you.
You feel sick.
The orc priest hits you but does no damage.
Things that are here:
a dagger; a ring mail You feel sick.
The orc priest hits you.
* * * LOW HITPOINT WARNING * * *
* * * LOW HITPOINT WARNING * * *
You feel sick.
The orc priest mumbles some strange prayers to Beogh against you.
Pain shoots through your body!
You die...

.#รท.....#..#####.
.............##..####
...##....###.##.#...##
##......## .........#
##..#...# #.......#
........### #......#
.....#....#####......#
##.#.#...............#
#.#.####..###.#@o)..#
#.#.##........#.).>.#
#.#..#.<.....##.....#
#............###...##
######..........####
#.......##.#
#.......##..
###########


You could see an orc priest.

Vanquished Creatures
  A phantom (D:4)
  A black bear (D:4)
  3 orc wizards
  Natasha (thrice) (D:2)
  2 hound skeletons (D:4)
  4 adders
  An ooze (D:4)
  A worm (D:3)
  8 orcs
  A bat skeleton (D:4)
  5 goblins
  6 hobgoblins
  8 jackals
  3 quokkas
  A ball python (D:1)
  10 bats
  A giant gecko (D:1)
  3 giant newts
  7 kobolds
  6 rats
75 creatures vanquished.

Notes
Turn   | Place    | Note
--------------------------------------------------------------
     0 | D:1      | Grimpse the Troll Berserker began the quest for the Orb.
     0 | D:1      | Reached XP level 1. HP: 22/22 MP: 0/0
   140 | D:1      | Reached XP level 2. HP: 25/29 MP: 1/1
   527 | D:1      | Acquired Trog's second power
   908 | D:2      | Noticed Natasha
   915 | D:2      | Killed Natasha
   915 | D:2      | Reached XP level 3. HP: 31/36 MP: 2/2
   927 | D:2      | Noticed Natasha
   936 | D:2      | Killed Natasha
   969 | D:2      | Noticed Natasha
   975 | D:2      | Killed Natasha
  1191 | D:3      | Reached skill level 4 in Unarmed Combat
  1253 | D:3      | Reached XP level 4. HP: 44/44 MP: 3/3
  1294 | D:3      | Found a faded altar to an unknown god.
  1694 | D:3      | Found a shimmering altar of Xom.
  1697 | D:3      | Found a shimmering altar of Xom.
  1697 | D:3      | Found a shimmering altar of Xom.
  1698 | D:3      | Found a shimmering altar of Xom.
  1719 | D:3      | Reached XP level 5. HP: 45/50 MP: 4/4
  2119 | D:4      | Found Diwohyil's Armour Shoppe.
  2169 | D:4      | Noticed a phantom
  2179 | D:4      | Killed a phantom
  2179 | D:4      | Reached XP level 6. HP: 59/59 MP: 5/5
  2224 | D:4      | Reached skill level 5 in Unarmed Combat
  2277 | D:4      | Noticed a black bear
  2282 | D:4      | Killed a black bear
  2373 | D:4      | Reached skill level 5 in Dodging
  2378 | D:4      | Killed from afar by an orc priest

Vault maps used:
D:1:      minmay_arrival_five_plusses
D:2:      first_bread, uniq_natasha
D:3:      ecumenical_altar_1, kennysheep_pointless_box, xom_redecorated
D:4:      nicolae_qazlal_style_of_elements, serial_shops, shop,
          minmay_surrounded

Action                   |  1- 3 |  4- 6 || total
-------------------------+-------+-------++-------
Melee: Unarmed           |    88 |   112 ||   200
  Eat: Meat ration       |     1 |       ||     1
       Bread ration      |     1 |       ||     1
       Chunk             |     2 |     9 ||    11
